 Dungeon Crawl Stone Soup version 0.30-a0-165-g1891117ce2 (webtiles) character file.

Game seed: 13056314690349522947

3295 Sobieck the Covert (level 10, -4/50 HPs)
             Began as a Kobold Earth Elementalist on Sept 28, 2022.
             Was a Believer of Wu Jian.
             Splashed by a jelly's acid (5 damage)
             ... on level 7 of the Dungeon.
             The game lasted 00:14:41 (10496 turns).

Sobieck the Covert (Kobold Earth Elementalist)     Turns: 10496, Time: 00:14:42

Health: -4/50      AC: -1    Str:  6    XL:     10   Next: 20%
Magic:  1/20       EV: 15    Int: 19    God:    Wu Jian [**....]
Gold:   367        SH:  0    Dex: 17    Spells: 17/23 levels left

rFire   . . .      SeeInvis .    a - +3 dagger (speed) {short}
rCold   . . .      Faith    .    (no shield)
rNeg    . . .      Spirit   .    q - +2 robe {Will+}
rPois   .          Reflect  .    (no helmet)
rElec   .          Harm     .    N - +0 cloak
rCorr   .          Rampage  .    D - +1 pair of gloves
Will    ++...                    (no boots)
Stlth   ++++++....               (no amulet)
HPRegen 0.16/turn                C - ring of willpower
MPRegen 0.17/turn                (no ring)

@: corroded
A: small, no large weapons, nightstalker 3
a: Renounce Religion, Wall Jump


You were on level 7 of the Dungeon.
You worshipped Wu Jian.
Wu Jian was pleased with you.
You visited 2 branches of the dungeon, and saw 8 of its levels.

You collected 411 gold pieces.
You spent 44 gold pieces at shops.


Innate Abilities, Weirdness & Mutations

You are small and have problems with some larger weapons.
You are completely attuned to the shadows.


   Skills:
 - Level 2.4 Dodging
 - Level 10.0 Stealth
 - Level 7.0 Spellcasting
 + Level 6.9 Conjurations
 - Level 1.0 Transmutations
 + Level 7.7 Earth Magic


You had 17 spell levels left.
You knew the following spells:

 Your Spells              Type           Power      Damage    Failure   Level
a - Sandblast             Erth           72%        2d16      1%          1
b - Passwall              Tmut/Erth      19%        N/A       2%          2
c - Stone Arrow           Conj/Erth      68%        3d11      1%          3

Your spell library contained the following spells:

 Spells                   Type           Power      Damage    Failure   Level
 Foxfire                  Conj/Fire      76%        2x1d7     2%          1
 Momentum Strike          Conj/Tloc      38%        3d9       3%          2
 Sting                    Tmut/Pois      32%        1d4       9%          1
 Apportation              Tloc           12%        N/A       10%         1
 Necrotise                Necr           24%        1d5       10%         1
 Summon Small Mammal      Summ           24%        N/A       10%         1
 Wereblood                Tmut           10%        N/A       10%         2
 Poisonous Vapours        Pois/Air       12%        N/A       16%         2
 Sublimation of Blood     Necr           6%         N/A       16%         2
 Petrify                  Tmut/Erth      23%        N/A       17%         4
 Ozocubu's Armour         Ice            6%         N/A       30%         3
 Animate Dead             Necr           6%         N/A       69%         4
 Olgreb's Toxic Radiance  Pois           6%         N/A       69%         4
 Metabolic Englaciation   Hex/Ice        3%         N/A       95%         5
 Simulacrum               Ice/Necr       3%         N/A       100%        6
 Summon Hydra             Summ           3%         N/A       100%        7
 Fire Storm               Conj/Fire      9%         8d3       100%        9

Inventory:

Hand Weapons
 a - a +3 dagger of speed (weapon) {short}
   (You took it off a goblin on level 4 of the Dungeon)
 c - a +0 sling
   (You found it on level 1 of the Dungeon)
 e - a +0 club {mace}
   (You took it off a kobold on level 1 of the Dungeon)
 h - a +0 dagger {short}
   (You took it off a goblin on level 1 of the Dungeon)
 l - a +0 whip {mace}
   (You took it off a kobold on level 1 of the Dungeon)
 o - a +0 club {mace}
   (You took it off a kobold on level 1 of the Dungeon)
 p - a +0 club {mace}
   (You took it off a goblin on level 1 of the Dungeon)
 r - a +0 short sword of protection {short}
   (You took it off a kobold on level 2 of the Dungeon)
 z - the +2 trident of Attainder {vamp, rElec Will- Int+3, polearm}
   (You found it on level 2 of the Dungeon)

   It occasionally heals its wielder for a portion of the damage dealt when it
   wounds a living foe.
   Int:       It affects your intelligence (+3).
   rElec:     It insulates you from electricity.
   Will:      It decreases your willpower.
 F - a +0 dagger of speed {short}
   (You took it off a kobold on level 3 of the Dungeon)
Missiles
 f - 97 stones {throwing}
 w - 6 atropa-tipped darts {throwing}
 G - 12 boomerangs {throwing}
 J - 4 poisoned darts {throwing}
Armour
 j - a +0 robe
   (You found it on level 1 of the Dungeon)
 q - a +2 robe of willpower (worn)
   (You took it off a wight on level 7 of the Dungeon)
 t - a +0 ring mail
   (You found it on level 2 of the Dungeon)
 y - a +0 scale mail
   (You found it on level 2 of the Dungeon)
 A - a +0 leather armour
   (You found it on level 2 of the Dungeon)
 B - a +0 ring mail
   (You found it on level 2 of the Dungeon)
 D - a +1 pair of gloves (worn)
   (You found it on level 3 of the Dungeon)
 E - a +0 robe
 H - a +0 leather armour
   (You took it off an orc on level 3 of the Dungeon)
 I - a +0 ring mail
   (You took it off an orc on level 5 of the Dungeon)
 M - a +0 robe
   (You found it on level 4 of the Dungeon)
 N - a +0 cloak (worn)
   (You took it off Crazy Yiuf on level 3 of the Dungeon)
 P - a +0 animal skin
   (You took it off Robin on level 4 of the Dungeon)
 Q - a +0 helmet
   (You took it off Robin on level 4 of the Dungeon)
 U - a +0 scale mail
   (You found it on level 4 of the Dungeon)
 V - a +0 robe
   (You took it off an orc wizard on level 5 of the Dungeon)
 Y - a +0 robe
   (You took it off an orc wizard on level 6 of the Dungeon)
 Z - a +0 leather armour
   (You took it off an orc on level 6 of the Dungeon)
Jewellery
 C - a ring of willpower (left hand)
   (You found it on level 4 of the Dungeon)
Wands
 d - a wand of iceblast (10)
   (You found it on level 6 of the Dungeon)
 g - a wand of charming (10)
   (You took it off Pikel on level 6 of the Dungeon)
Scrolls
 k - 3 scrolls of vulnerability {!r!r}
 m - 3 scrolls of noise {!r}
 L - 2 scrolls of teleportation {@r4}
 O - a scroll of enchant weapon
 R - a scroll of blinking {!r}
 S - 2 scrolls of immolation {!r!r}
Potions
 b - 2 potions of magic
 i - a potion of invisibility {unknown}
 n - 4 potions of curing {@q1}
 s - 2 potions of heal wounds {@q2}
 u - 2 potions of berserk rage {!q}
 v - 2 potions of degeneration {!q@e2}
 x - a potion of attraction {!q}
 K - a potion of ambrosia
 T - a potion of brilliance
 W - a potion of mutation {unknown}
 X - 2 potions of lignification {unknown}

Dungeon Overview and Level Annotations

Branches:
Dungeon (7/15) Zot: 25600  Temple (1/1) D:5 Zot: 5951

Altars:
Ashenzari
Dithmenos
Fedhas
Gozag
Makhleb
Okawaru
Qazlal
Ru
Trog
Uskayaw
Wu Jian
Xom

Shops:
D:2

! ### #######.##
### #####....#.#.#
##.. #.##.)...#.#.#
##...
##.'......#'#.#÷PP.
#.[..
#.))....)...#.#J...
##.>..
#..)........#@#JP÷.
##.....
#..##.......#J#....
##...##.
#.####......##'J.P.
#...###. #.#
##########÷..÷
#..####. #.## ####
#..###.. #..##
######.##....
##..##
#...........#
##..##
##....#....###
##..##
##....####..#


You could see a jelly.


Message History

Unknown command.
There is an open gate here.
Items here: (( )) †.
m - 3 scrolls of noise {!r} (gained 1)
There is an open door here.
A kobold comes into view. It is wielding a +0 short sword.
Danger!
The stone arrow hits the kobold!
You kill the kobold!
The Council accepts your kill.
Unknown command.
f - 97 stones {throwing} (gained 4)
Things that are here:
a +0 short sword {short}; a kobold corpse You open the door.
A slime creature and 4 endoplasms come into view.
There is an open door here.
Danger!
The stone arrow hits the endoplasm!!
You kill the endoplasm!
The Council accepts your kill.
The endoplasm quivers.
The slime creature quivers.
The endoplasm quivers.
The endoplasm hits the fungus.
The fungus begins to die.
The stone arrow hits the endoplasm!
You kill the endoplasm!
The Council accepts your kill.
An endoplasm comes into view.
Something hits the fungus.
The fungus begins to die.
The fungus is splashed with acid.
The acid corrodes the fungus!
The stone arrow hits the endoplasm!
You kill the endoplasm!
The Council accepts your kill.
A jelly comes into view.
Unknown command.
The stone arrow hits the slime creature!!
The slime creature hits you!
The endoplasm hits you but does no damage.
Something hits the fungus.
The fungus begins to die.
You are too injured to fight recklessly!
Unknown command.
You are too injured to fight recklessly!
Unknown command.
The endoplasm attacks as you move away!
The endoplasm hits you but does no damage.
Things that are here:
a +0 short sword {short}; a kobold corpse
Okay, then.
Unknown command.
You are too injured to fight recklessly!
You are too injured to fight recklessly!
Unknown command.
Casting: Stone Arrow (safe; 1% risk of failure)
Confirm with . or Enter, or press ? or * to list all spells.
Aiming: Stone Arrow (safe; 1% risk of failure)
Press: ? - help, Shift-Dir - straight line, f/p - slime creature
Aim: a slime creature (moderately wounded, 94% to hit)
The stone arrow hits the slime creature!!
The slime creature barely misses you.
Unknown command.
Casting: Stone Arrow (safe; 1% risk of failure)
Confirm with . or Enter, or press ? or * to list all spells.
Aiming: Stone Arrow (safe; 1% risk of failure)
Press: ? - help, Shift-Dir - straight line, f/p - slime creature
Aim: a slime creature (heavily wounded, 94% to hit)
The stone arrow hits the slime creature!!
The slime creature hits you.
Casting: Stone Arrow (safe; 1% risk of failure)
Confirm with . or Enter, or press ? or * to list all spells.
Aiming: Stone Arrow (safe; 1% risk of failure)
Press: ? - help, Shift-Dir - straight line, f/p - slime creature
Aim: a slime creature (almost dead, 94% to hit)
The stone arrow hits the slime creature!
You kill the slime creature!
The Council accepts your kill.
You are too injured to fight recklessly!
Unknown command.
You barely miss the endoplasm. The endoplasm misses you.
The jelly jiggles.
You hit the endoplasm.
You kill the endoplasm!
The Council accepts your kill.
You lunge at the jelly, in a flurry of attacks.
You hit the jelly. The acid corrodes you!
Your hands burn!
You hit the jelly but do no damage.
Your hands burn!
The jelly hits you.
* * * LOW HITPOINT WARNING * * *
You are splashed with acid!
* * * LOW HITPOINT WARNING * * *
Unknown command.
You hit the jelly.
Your hands burn!
* * * LOW HITPOINT WARNING * * *
The jelly hits you.
* * * LOW HITPOINT WARNING * * *
The acid corrodes you!
You are splashed with acid!
* * * LOW HITPOINT WARNING * * *
You hit the jelly but do no damage.
Your hands burn!
* * * LOW HITPOINT WARNING * * *
The jelly barely misses you.
Unknown command.
You hit the jelly.
Your hands burn!
You die...

Skill      XL: |  1  2  3  4  5  6  7  8  9 10 |
---------------+-------------------------------+-----
Stealth        | 3 4 5 6 7 9 10 | 10.0
Conjurations   | 1 2 3 5 6 |  6.9
Spellcasting   | 3 4 5 6 7 |  7.0
Earth Magic    | 4 5 6 7 |  7.7
Dodging        | |  2.4
Transmutations | |  1.0

Action                   |  1- 3 |  4- 6 |  7- 9 | 10-12 || total
-------------------------+-------+-------+-------+-------++-------
Melee: Dagger            |       |     1 |    17 |    21 ||    39
 Cast: Sandblast         |    54 |    63 |   171 |     1 ||   289
       Passwall          |       |     1 |     1 |       ||     2
       Stone Arrow       |       |       |    26 |    24 ||    50
Invok: Whirlwind         |       |       |     1 |     4 ||     5
       Lunge             |       |       |       |     1 ||     1
  Use: Scroll            |       |       |    17 |       ||    17
       Potion            |       |       |     2 |       ||     2
 Stab: Sleeping          |       |     1 |     1 |       ||     2
Armor: Robe              |     2 |     3 |    45 |     7 ||    57
Dodge: Dodged            |     4 |    13 |   102 |    18 ||   137

Levels and vault maps discovered:
D:1:      amcnicky_arrival_double_pillar, layout_rooms,
          ebering_ecumenical_altar_abandoned
D:2:      minmay_inner_zag, layout_loops_ring, serial_shops, shop_statue,
          corexii_shack
D:3:      layout_basic, mainiacjoe_overflow_catwalk, lemuel_round_altar,
          uniq_crazy_yiuf_cottage, uniq_grinder
D:4:      kennysheep_goblin_castle, layout_basic, lemuel_doored_altar,
          lemuel_tele_altar, serial_glass, glass_columns_c, glass_columns_c,
          glass_columns_a, glass_columns_c, glass_columns_b, glass_columns_c,
          uniq_eustachio
D:5:      layout_loops_ring, minmay_temple_entry_enclosed_plants,
          corexii_corridor_pit
D:6:      corexii_shack_village, layout_loops_corners,
          mainiacjoe_overflow_brackets, overflow_temple_1_default,
          minmay_gold_behind_fungi, minmay_bent, uniq_pikel
D:7:      cheibrodos_fertilizer, layout_layer_cave
Temple:   nicolae_temple_little_seven

Notes
Turn   | Place    | Note
-------+----------+-------------------------------------------
     0 | D:1      | Sobieck the Kobold Earth Elementalist began the quest for
                  | the Orb.
     0 | D:1      | Reached XP level 1. HP: 10/10 MP: 3/3
   135 | D:1      | Reached XP level 2. HP: 15/15 MP: 3/5
   162 | D:1      | Reached skill level 3 in Stealth
   492 | D:1      | Reached skill level 1 in Conjurations
   492 | D:1      | Reached XP level 3. HP: 19/19 MP: 4/6
   587 | D:1      | You add the spells Sting, Poisonous Vapours and Olgreb's
                  | Toxic Radiance to your library.
   657 | D:1      | Found a faded altar of an unknown god.
  1027 | D:1      | Learned a level 2 spell: Passwall
  1031 | D:1      | Learned a level 3 spell: Stone Arrow
  1302 | D:2      | Reached XP level 4. HP: 21/24 MP: 5/8
  1642 | D:2      | Reached skill level 3 in Spellcasting
  1931 | D:2      | Found Ituang's Distillery.
  1936 | D:2      | Bought a potion of curing for 33 gold pieces
  1957 | D:2      | Reached skill level 4 in Stealth
  2056 | D:2      | Identified the +2 trident of Attainder {vamp, rElec Will-
                  | Int+3}
  2113 | D:2      | Bought a potion of degeneration for 11 gold pieces
  2191 | D:2      | Reached XP level 5. HP: 28/28 MP: 7/9
  2387 | D:3      | Found a blossoming altar of Fedhas.
  2470 | D:3      | Noticed Grinder
  2499 | D:3      | Killed Grinder
  2500 | D:3      | Reached skill level 5 in Stealth
  2500 | D:3      | Reached skill level 2 in Conjurations
  2500 | D:3      | Reached skill level 4 in Earth Magic
  2500 | D:3      | Reached XP level 6. HP: 25/32 MP: 3/11
  3017 | D:3      | Reached skill level 3 in Conjurations
  3107 | D:3      | You pick up a book of Winter and begin reading...
  3107 | D:3      | You add the spells Ozocubu's Armour, Metabolic Englaciation
                  | and Simulacrum to your library.
  3157 | D:3      | Found a runed translucent door.
  3160 | D:3      | Noticed Crazy Yiuf
  3367 | D:3      | Found an iron altar of Okawaru.
  3388 | D:3      | You fall into a shaft and drop 2 floors!
  3388 | D:5      | Entered Level 5 of the Dungeon
  3410 | D:5      | Reached skill level 4 in Spellcasting
  3410 | D:5      | Reached XP level 7. HP: 36/36 MP: 7/13
  4154 | D:3      | Killed Crazy Yiuf
  4437 | D:4      | You add the spells Foxfire, Momentum Strike, Animate Dead
                  | and Fire Storm to your library.
  4437 | D:4      | Got the Atlas of the Mausoleum and Arcane Weapons
  4446 | D:4      | Reached skill level 6 in Stealth
  4483 | D:4      | You pick up a book of Blood and begin reading...
  4483 | D:4      | You add the spells Sublimation of Blood, Wereblood and
                  | Summon Hydra to your library.
  4552 | D:4      | Noticed Eustachio
  4557 | D:4      | Killed Eustachio
  4558 | D:4      | Reached skill level 5 in Earth Magic
  4558 | D:4      | Reached XP level 8. HP: 41/41 MP: 9/15
  4732 | D:4      | Reached skill level 4 in Conjurations
  4815 | D:4      | Found a sacrificial altar of Ru.
  5096 | D:4      | Noticed Robin
  5285 | D:4      | Killed Robin
  5421 | D:4      | You pick up a book of Cantrips and begin reading...
  5421 | D:4      | You add the spells Necrotise, Summon Small Mammal and
                  | Apportation to your library.
  6380 | D:5      | Reached skill level 5 in Spellcasting
  6733 | D:5      | Found a staircase to the Ecumenical Temple.
  6739 | Temple   | Entered the Ecumenical Temple
  6779 | Temple   | Became a worshipper of the Wu Jian Council
  7095 | D:5      | Reached skill level 7 in Stealth
  7595 | D:6      | Reached * piety under Wu Jian
  7950 | D:6      | HP: 10/41 [poisoned by a kobold]
  8273 | D:6      | Reached skill level 5 in Conjurations
  8273 | D:6      | Reached skill level 6 in Earth Magic
  8273 | D:6      | Reached XP level 9. HP: 45/45 MP: 13/17
  8276 | D:6      | Reached skill level 8 in Stealth
  8374 | D:6      | Found a shadowy altar of Dithmenos.
  8505 | D:6      | Reached skill level 6 in Spellcasting
  8757 | D:6      | Noticed Pikel
  8772 | D:6      | Killed Pikel
  8773 | D:6      | Reached skill level 9 in Stealth
  8773 | D:6      | Reached skill level 6 in Conjurations
  8798 | D:6      | Found a stormy altar of Qazlal.
  9191 | D:6      | Reached skill level 7 in Earth Magic
  9558 | D:7      | Reached XP level 10. HP: 45/50 MP: 2/20
  9674 | D:7      | Reached ** piety under Wu Jian
  9817 | D:7      | Reached skill level 7 in Spellcasting
 10263 | D:7      | Reached skill level 10 in Stealth
 10494 | D:7      | HP: 4/50 [acid (9)]
 10495 | D:7      | HP: 1/50 [acid (3)]
 10496 | D:7      | Splashed by a jelly's acid

Vanquished Creatures
  Pikel (D:6)
  Grinder (D:3)
  A slime creature (D:7)
  Eustachio (D:4)
  A water moccasin (D:6)
  An ice beast (D:6)
  A black bear (D:6)
  A centaur (D:6)
  2 ogres
  3 phantoms
  3 kobold brigands
  A bullfrog (D:4)
  A gnoll sergeant (D:6)
  8 wights
  A jelly (D:7)
  Crazy Yiuf (D:3)
  3 hounds
  2 orc priests
  2 iguanas (D:6)
  4 orc wizards
  Robin (D:4)
  12 adders
  7 gnolls
  2 shadow imps
  A white imp (D:7)
  2 worms
  7 dart slugs
  19 orcs
  4 ball pythons
  2 bats (D:1)
  10 endoplasms
  7 giant cockroaches
  21 goblins
  16 hobgoblins
  13 jackals
  4 quokkas
  3 frilled lizards
  19 kobolds
  6 rats
195 creatures vanquished.

Vanquished Creatures (others)
  14 fungi
  A plant (D:6)
  12 toadstools
27 creatures vanquished.

Grand Total: 222 creatures vanquished

Table legend:
 A = Non-vault XP
 B = Vault XP
 C = Vault XP percentage of total XP
 D = Non-vault monster count
 E = Vault monster count
 F = Vault count percentage of total count
                 A         B        C        D         E       F
            +---------+---------+-------+---------+---------+-------
      Total |    2522 |    2186 |  46.4 |     141 |      54 |  27.7
            +---------+---------+-------+---------+---------+-------
        D:1 |      64 |       0 |   0.0 |      32 |       0 |   0.0
        D:2 |      72 |       5 |   6.5 |      18 |       3 |  14.3
        D:3 |      76 |     330 |  81.3 |      18 |       2 |  10.0
        D:4 |     131 |     274 |  67.7 |      15 |      21 |  58.3
        D:5 |     530 |       0 |   0.0 |      18 |       0 |   0.0
        D:6 |    1085 |    1083 |  50.0 |      27 |      17 |  38.6
        D:7 |     564 |     494 |  46.7 |      13 |      11 |  45.8
            +---------+---------+-------+---------+---------+-------

Illustrated notes

Table legend:
 A = Kills in this place as a percentage of kills in entire the game.
 B = Kills by you in this place as a percentage of kills by you in the entire game.
 C = Kills by friends in this place as a percentage of kills by friends in the entire game.
 D = Other kills in this place as a percentage of other kills in the entire game.
 E = Experience gained in this place as a percentage of experience gained in the entire game.
 F = Experience gained in this place divided by the number of levels of this place that you have seen.
                   A       B       C       D       E      F
               +-------+-------+-------+-------+-------+----------------------
         Total | 100.0 | 100.0 |   N/A |   N/A | 100.0 | 588.5
       Dungeon | 100.0 | 100.0 |   N/A |   N/A | 100.0 | 672.6
               +-------+-------+-------+-------+-------+----------------------

Table legend: (Time is in decaauts)
 A = Elapsed time spent in this place.
 B = Non-inter-level travel time spent in this place.
 C = Inter-level travel time spent in this place.
 D = Time resting spent in this place.
 E = Time spent auto-exploring this place.
 F = Levels seen in this place.
 G = Mean time per level.
                   A        B        C        D        E       F      G
               +--------+--------+--------+--------+--------+-----+--------+
         Total |  10644 |  10233 |    411 |    685 |   8502 |   8 | 1330.5 |
       Dungeon |  10596 |  10193 |    403 |    685 |   8474 |   7 | 1513.7 |
        Temple |     48 |     40 |      8 |      0 |     28 |   1 |   48.0 |
               +--------+--------+--------+--------+--------+-----+--------+

Top non-repeatable levels by time:
     D:6: 1970 daAuts
     D:4: 1924 daAuts
     D:3: 1621 daAuts
     D:5: 1404 daAuts
     D:2: 1322 daAuts
     D:7: 1261 daAuts
     D:1: 1091 daAuts
  Temple: 48 daAuts
